 Dungeon Crawl Stone Soup version 0.27-a0-899-ge2d0b17c59 (webtiles) character file.

Game seed: 12488084915272540767

19375 robertstho the Covert (level 12, -2/84 HPs)
             Began as an Octopode Berserker on Apr 5, 2021.
             Was a High Priest of Trog.
             Slain by a vampire mosquito (3 damage)
             ... on level 3 of the Lair of Beasts.
             The game lasted 00:15:22 (12085 turns).

robertstho the Covert (Octopode Berserker)         Turns: 12085, Time: 00:15:22

Health: -2/84      AC:  5    Str: 19    XL:     12   Next: 68%
Magic:  12/12      EV: 23    Int:  9    God:    Trog [*****.]
Gold:   445        SH:  7    Dex: 20    Spells: 11/11 levels left

rFire    . . .     SeeInvis .   c - +3 dagger
rCold    + . .     Faith    .   a - +1 buckler {rC+}
rNeg     . . .     Spirit   .   (helmet restricted)
rPois    .         Reflect  .   (no amulet)
rElec    .         Harm     .   d - +4 ring of evasion
rCorr    .         Rampage  .   q - +4 ring of protection
Will     .....                  x - +6 ring of dexterity
Stlth    +++++++...             (no ring)
HPRegen  0.24/turn              (no ring)
MPRegen  0.13/turn              (no ring)
                                (no ring)
                                (no ring)

@: berserk cooldown, slowed, very slow
A: almost no armour, amphibious, 8 rings, camouflage 1, gelatinous body 1,
(nimble swimmer 1), tentacles
a: Renounce Religion, Berserk, Trog's Hand, Brothers in Arms


You were on level 3 of the Lair of Beasts.
You worshipped Trog.
Trog was extremely pleased with you.
You visited 2 branches of the dungeon, and saw 12 of its levels.
You also visited: Ossuary.

You collected 479 gold pieces.
You spent 34 gold pieces at shops.

Inventory:

Hand Weapons
 c - a +3 dagger (weapon)
 o - the +4 falchion "Octopus's Doom" {drain, Str+4}
   (You found it on level 5 of the Dungeon)

   A truly terrible weapon, it drains the life of those it strikes.
   It affects your strength (+4).
Missiles
 b - 8 boomerangs of dispersal
 m - 2 curare-tipped darts
Armour
 a - a +1 buckler of cold resistance (worn)
Jewellery
 d - a +4 ring of evasion (left tentacle)
 q - a +4 ring of protection (right tentacle)
 x - a +6 ring of dexterity (on tentacle)
Wands
 p - a wand of charming (25)
 y - a wand of polymorph (8)
Scrolls
 f - 8 scrolls of teleportation
 g - a scroll of blinking
 h - a scroll of enchant weapon {unknown}
 i - 3 scrolls of fear
 j - 3 scrolls of enchant armour {unknown}
 l - 3 scrolls of holy word
 n - a scroll of summoning {unknown}
 t - a scroll of immolation {unknown}
Potions
 e - 2 potions of attraction
 k - 5 potions of heal wounds
 r - a potion of flight
 s - a potion of mutation {unknown}
 u - a potion of cancellation {unknown}
 v - a potion of lignification {unknown}
 w - a potion of might
 z - a potion of curing {unknown}
 A - 2 potions of haste {unknown}


   Skills:
 + Level 8.5 Fighting
 + Level 7.8(10.5) Short Blades
 + Level 11.0(11.9) Long Blades
 + Level 9.5 Dodging
 + Level 12.7 Stealth
 + Level 5.2 Shields


You had 11 spell levels left.
You didn't know any spells.
Your spell library was empty.

Dungeon Overview and Level Annotations

Branches:
Dungeon (9/15)             Temple (0/1) D:7            Lair (3/6) D:8
 Shoals (0/4) Lair:2       Spider (0/4) Lair:2      Ossuary (visited)
    Orc: D:9-12

Altars:
Kikubaaqudgha

Shops:
D:2 *   D:5 :

Annotations:
D:3 Natasha
Lair:1 2 transporters, robertstho's ghost, journeyman MiDe


Innate Abilities, Weirdness & Mutations

You cannot wear most types of armour.
You are amphibious.
You can wear up to eight rings at the same time.
Your skin changes colour to match your surroundings (Stealth+).
Your rubbery body absorbs attacks. (AC +1, EV +1)
((You are camouflaged near water. (Stealth+)))
You have tentacles for arms and can constrict up to eight enemies at once.


Message History

You puncture the six-headed hydra!
You kill the six-headed hydra!
Trog accepts your kill.
You hear an angry buzzing noise.
You block the vampire mosquito's attack.
The swamp drake breathes poison at you.
The noxious blast engulfs the vampire mosquito but does no damage.
Your Long Blades skill increases to level 11!
You hit the vampire mosquito. You grab the vampire mosquito.
You squeeze the vampire mosquito!
The vampire mosquito is heavily damaged.
You are engulfed in noxious fumes.
You choke on the stench!
You are confused.
You constrict the vampire mosquito, but do no damage.
Unknown command.
You release your grip on the vampire mosquito.
The vampire mosquito misses you.
You feel a strong urge to attack something.
The vampire mosquito completely misses you.
The vampire mosquito closely misses you.
A vampire mosquito comes into view.
You feel your anger nearly subside.
You feel less confused. The vampire mosquito barely misses you.
You block the vampire mosquito's attack.
You are no longer berserk.
Trog's vigour flows through your veins.
You are exhausted.
You feel yourself slow down. The vampire mosquito bites you!
* * * LOW HITPOINT WARNING * * *
The vampire mosquito draws strength from your injuries!
Your ogre goes berserk!
You block the vampire mosquito's attack.
The vampire mosquito bites you.
* * * LOW HITPOINT WARNING * * *
The vampire mosquito draws strength from your injuries!
The vampire mosquito bites you.
* * * LOW HITPOINT WARNING * * *
The vampire mosquito draws strength from your injuries!
The vampire mosquito bites you.
You die...

≈≈≈≈≈≈≈................#
≈≈..≈≈..........≈≈≈≈≈.##
≈...............≈≈≈≈≈≈.##
≈#.^.y..........≈≈≈≈≈≈.##
#...k..........>.≈≈≈≈≈.#.
............$....≈≈≈≈≈...
.............#.≈≈≈≈≈≈≈..>
.......yyy.###.≈≈≈≈≈≈≈..#
........@.......≈≈≈≈....#
......O.........≈≈≈....#.
..........##..##........#
............#####........
............# ##........
............####..##.....
...........#.#...8..##...
...............#.....##.#
...............###.....#.


You could see a swamp drake, 4 vampire mosquitoes and a friendly ogre (summoned,
berserk).

Vanquished Creatures
  A hydra (Lair:3)
  2 two-headed ogres (D:8)
  4 death yaks (Lair:2)
  An oklob plant (Lair:1)
  3 black mambas
  6 cane toads
  Maggie (D:8)
  A rime drake (Lair:3)
  4 komodo dragons (Lair:1)
  12 blink frogs
  Sigmund (D:2)
  A shadow (D:9)
  9 yaks
  Grum (D:8)
  A steam dragon (D:6)
  An acid dragon (D:9)
  12 water moccasins
  2 ice beasts
  3 orc warriors
  A sky beast (D:6)
  A black bear (D:7)
  An ogre (D:3)
  2 necrophages
  8 wolves
  3 centaurs
  A kobold brigand (D:7)
  5 bullfrogs
  An elf zombie (Ossuary)
  A scorpion (Lair:3)
  A water moccasin zombie (D:6)
  A water moccasin skeleton (D:6)
  4 killer bees
  4 wights
  4 electric eels (Lair:1)
  6 howler monkeys
  A bullfrog zombie (D:6)
  4 centaur zombies
  2 human zombies (Ossuary)
  3 orc priests
  A centaur skeleton (D:5)
  Crazy Yiuf (D:2)
  4 hounds
  3 iguanas
  Natasha (twice) (D:3)
  11 orc wizards
  3 killer bee zombies
  2 mummies (Ossuary)
  Robin (D:2)
  4 gnolls (D:3)
  3 adders
  A river rat (D:6)
  A white imp (D:4)
  2 adder zombies (Ossuary)
  An adder skeleton (D:4)
  3 worms
  A dart slug (D:2)
  34 orcs
  10 endoplasms
  5 giant cockroaches
  11 goblins
  15 hobgoblins
  7 jackals
  4 quokkas
  9 ball pythons
  8 bats
  4 frilled lizards
  11 hobgoblin zombies (Ossuary)
  11 kobolds
  7 kobold zombies (Ossuary)
  10 orc zombies (Ossuary)
  7 rats
  A rat zombie (Ossuary)
318 creatures vanquished.

Vanquished Creatures (collateral kills)
  A two-headed ogre (D:9)
  A yak (D:9)
  An orc warrior (D:8)
  2 kobold brigands (D:9)
  2 orc wizards
7 creatures vanquished.

Vanquished Creatures (others)
  A demonic plant (D:1)
  12 fungi
  46 plants
  A withered plant (D:1)
60 creatures vanquished.

Grand Total: 385 creatures vanquished

Notes
Turn   | Place    | Note
-------+----------+-------------------------------------------
     0 | D:1      | robertstho the Octopode Berserker began the quest for the
                  | Orb.
     0 | D:1      | Reached XP level 1. HP: 16/16 MP: 1/1
   240 | D:1      | Reached XP level 2. HP: 14/21 MP: 2/2
   767 | D:1      | Found a faded altar of an unknown god.
  1108 | D:1      | Reached XP level 3. HP: 25/26 MP: 3/3
  1423 | D:2      | Noticed Sigmund
  1432 | D:2      | Killed Sigmund
  1433 | D:2      | Reached skill level 1 in Stealth
  1433 | D:2      | Reached XP level 4. HP: 29/33 MP: 0/4
  1433 | D:2      | Reached XP level 5. HP: 33/37 MP: 0/5
  1667 | D:2      | Reached skill level 2 in Stealth
  1688 | D:2      | Reached ** piety under Trog
  1697 | D:2      | Noticed Robin
  1707 | D:2      | Killed Robin
  1715 | D:2      | Reached XP level 6. HP: 41/43 MP: 6/6
  2005 | D:2      | Found Biozenk's Assorted Antiques.
  2011 | D:2      | Bought a scroll of identify for 34 gold pieces
  2065 | D:2      | Found a runed translucent door.
  2066 | D:2      | Noticed Crazy Yiuf
  2206 | D:2      | Killed Crazy Yiuf
  2317 | D:3      | Reached skill level 3 in Stealth
  2845 | D:3      | Reached skill level 5 in Short Blades
  2845 | D:3      | Reached XP level 7. HP: 49/49 MP: 7/7
  2890 | D:3      | Reached skill level 4 in Stealth
  2894 | D:3      | Reached *** piety under Trog
  3289 | D:3      | Noticed Natasha
  3294 | D:3      | Killed Natasha
  3382 | D:3      | Noticed Natasha
  3389 | D:3      | Killed Natasha
  3476 | D:3      | Noticed Natasha
  3621 | D:4      | Found a sand-covered staircase.
  3627 | Ossuary  | Entered an ossuary
  3807 | Ossuary  | Reached **** piety under Trog
  3867 | Ossuary  | Reached skill level 5 in Stealth
  3891 | Ossuary  | Reached skill level 5 in Dodging
  4118 | Ossuary  | Reached skill level 5 in Fighting
  4118 | Ossuary  | Reached XP level 8. HP: 53/55 MP: 8/8
  4701 | D:4      | Reached skill level 6 in Stealth
  5029 | D:5      | Entered Level 5 of the Dungeon
  5174 | D:5      | Found Gemyts's Book Shop.
  5455 | D:5      | Identified the +4 falchion "Octopus's Doom" {drain, Str+4}
  5770 | D:5      | Reached skill level 7 in Stealth
  5877 | D:5      | Identified a scroll of acquirement
  5878 | D:5      | Acquired a +1 buckler of cold resistance
  5976 | D:6      | Reached XP level 9. HP: 54/61 MP: 9/9
  6103 | D:6      | Reached skill level 1 in Long Blades
  6351 | D:6      | Reached skill level 8 in Stealth
  7204 | D:7      | Reached ***** piety under Trog
  7210 | D:7      | Reached skill level 9 in Stealth
  7526 | D:7      | Found a staircase to the Ecumenical Temple.
  7846 | D:8      | Found a staircase to the Lair.
  8069 | D:8      | Reached skill level 1 in Shields
  8069 | D:8      | Reached XP level 10. HP: 68/68 MP: 10/10
  8123 | D:8      | Noticed Maggie
  8134 | D:8      | Killed Maggie
  8135 | D:8      | Reached skill level 10 in Stealth
  8181 | D:8      | Found an ancient bone altar of Kikubaaqudgha.
  8192 | D:8      | Noticed a two-headed ogre
  8196 | D:8      | Noticed a two-headed ogre
  8208 | D:8      | Killed a two-headed ogre
  8209 | D:8      | Reached skill level 5 in Long Blades
  8209 | D:8      | Killed a two-headed ogre
  8599 | D:8      | Noticed Grum
  8618 | D:8      | Killed Grum
  9012 | D:9      | Reached skill level 11 in Stealth
  9023 | D:9      | Noticed a two-headed ogre
  9025 | D:9      | Killed a two-headed ogre
  9333 | Lair:1   | Entered Level 1 of the Lair of Beasts
  9367 | Lair:1   | Reached XP level 11. HP: 75/75 MP: 11/11
  9636 | Lair:1   | Noticed an oklob plant
  9652 | Lair:1   | Killed an oklob plant
 10478 | Lair:1   | Noticed robertstho's ghost (journeyman MiDe)
 10479 | Lair:1   | Found a transporter.
 10481 | Lair:1   | Found a transporter.
 11049 | Lair:2   | Found a staircase to the Shoals.
 11251 | Lair:2   | Noticed a death yak
 11257 | Lair:2   | Reached skill level 12 in Stealth
 11257 | Lair:2   | Noticed a death yak
 11258 | Lair:2   | Noticed a death yak
 11259 | Lair:2   | Noticed a death yak
 11281 | Lair:2   | Killed a death yak
 11282 | Lair:2   | Reached XP level 12. HP: 62/82 MP: 12/12
 11299 | Lair:2   | Killed a death yak
 11300 | Lair:2   | Killed a death yak
 11301 | Lair:2   | Reached skill level 10 in Long Blades
 11303 | Lair:2   | Killed a death yak
 11668 | Lair:2   | Found a hole to the Spider Nest.
 11669 | Lair:2   | You fall into a shaft and drop 1 floor!
 11676 | Lair:3   | Received a gift from Trog
 11906 | Lair:3   | Reached skill level 5 in Shields
 12064 | Lair:3   | Noticed a six-headed hydra
 12078 | Lair:3   | Killed a six-headed hydra
 12085 | Lair:3   | HP: 1/84 [vampire mosquito (4)]
 12085 | Lair:3   | Slain by a vampire mosquito

Illustrated notes

Levels and vault maps discovered:
D:1:      evilmike_arrival_home_sweet_home, layout_basic,
          shapermc_ecumenical_altar_gd, minmay_heptomino_w4
D:2:      layout_rooms, serial_shops, shop, grunt_ministairs_3, uniq_robin,
          uniq_sigmund, uniq_crazy_yiuf_cottage
D:3:      layout_basic, uniq_natasha
D:4:      layout_loops_ring, nicolae_ossuary_entry_plus
D:5:      layout_loops_ring, serial_rivers, chequers_serial_rivers_large_a,
          chequers_serial_rivers_micro_c, chequers_serial_rivers_small_3,
          chequers_serial_rivers_micro_e, chequers_serial_rivers_micro_e,
          chequers_serial_rivers_micro_d, serial_shops, shop,
          serial_bayou_ford_a
D:6:      layout_cave_pods, gup_sewer_entry_spiral
D:7:      layout_cave_pools, minmay_temple_entry_drinking_statues,
          eino_small_chamber_without_monster, grunt_decor_resistance
D:8:      layout_loops_cross, lemuel_crystal_altar, lair_entry_dummy, uniq_grum,
          uniq_maggie
D:9:      minmay_imperfect_grid, layout_gridville, ebering_ghost_rock_garden,
          minivault_16
Lair:1:   layout_small_grid, gammafunk_ghost_hive, serial_bayou_shore_a
Lair:2:   layout_chaotic_city, minmay_shoals_entry_centaurs, dummy_spider_entry,
          uniq_gastronok
Lair:3:   layout_layer_cave, minivault_25, pond, grunt_megastairs_4,
          infiniplex_staircase_pool

Skill      XL: |  1  2  3  4  5  6  7  8  9 10 11 12 |
---------------+-------------------------------------+-----
Fighting       | 4 5 6 7 8 |  8.5
Short Blades   | 4 5 7 |  7.8
Dodging        | 4 5 6 7 8 9 |  9.5
Stealth        | 1 2 3 5 7 9 11 12 | 12.7
Long Blades    | 4 7 9 11 | 11.0
Shields        | 1 2 4 5 |  5.2

Action                   |  1- 3 |  4- 6 |  7- 9 | 10-12 || total
-------------------------+-------+-------+-------+-------++-------
Melee: Short sword       |    69 |    78 |       |       ||   147
       Constrict         |    15 |    18 |    82 |    52 ||   167
       Tentacles         |    16 |    15 |    98 |   115 ||   244
       Dagger            |       |    27 |   249 |     8 ||   284
       Falchion          |       |       |   101 |   268 ||   369
Invok: Berserk           |     2 |     5 |     4 |    13 ||    24
       Brothers in Arms  |       |       |       |     3 ||     3
       Trog's Hand       |       |       |       |     1 ||     1
  Use: Scroll            |       |     3 |    10 |     2 ||    15
       Potion            |       |       |     2 |       ||     2
 Stab: Sleeping          |     3 |     8 |    23 |    12 ||    46
       Distracted        |     1 |       |     1 |     2 ||     4
       Invisible         |       |       |     3 |       ||     3
Armor: Skin              |     8 |     7 |    24 |    16 ||    55
Dodge: Dodged            |    31 |    66 |   223 |   193 ||   513
Block: Buckler           |       |       |    18 |    75 ||    93
       Rpst.: Falchion   |       |       |    27 |    49 ||    76

Table legend: (Time is in decaauts)
 A = Elapsed time spent in this place.
 B = Non-inter-level travel time spent in this place.
 C = Inter-level travel time spent in this place.
 D = Time resting spent in this place.
 E = Time spent auto-exploring this place.
 F = Levels seen in this place.
 G = Mean time per level.
                   A        B        C        D        E       F      G
               +--------+--------+--------+--------+--------+-----+--------+
         Total |  12150 |  11732 |    418 |   2184 |   7529 |  13 |  934.6 |
       Dungeon |   8703 |   8341 |    362 |    901 |   6122 |   9 |  967.0 |
          Lair |   2773 |   2718 |     55 |   1002 |   1198 |   3 |  924.3 |
       Ossuary |    673 |    673 |      0 |    281 |    208 |   1 |  673.0 |
               +--------+--------+--------+--------+--------+-----+--------+

Top non-repeatable levels by time:
  Lair:1: 2087 daAuts
     D:1: 1564 daAuts
     D:3: 1258 daAuts
     D:8: 1185 daAuts
     D:6: 1079 daAuts
     D:7: 1070 daAuts
     D:5: 857 daAuts
     D:4: 836 daAuts
     D:2: 753 daAuts
 Ossuary: 673 daAuts
  Lair:3: 416 daAuts
  Lair:2: 269 daAuts
     D:9: 98 daAuts
